 Dungeon Crawl Stone Soup version 0.20-a0-550-gf70bbbc (webtiles) character file.

9983 KristoblXynda the Grappler (level 11, -8/94 HPs)
             Began as a Troll Monk on Feb 2, 2017.
             Was an Elder of Cheibriados.
             Mangled by a wraith (12 damage)
             ... led by Josephine
             ... on level 11 of the Dungeon.
             The game lasted 00:24:51 (9231 turns).

KristoblXynda the Grappler (Troll Monk)             Turns: 9231, Time: 00:24:52

Health: -8/94      AC:  7    Str: 31    XL:     11   Next: 30%
Magic:  15/15      EV: 16    Int: 19    God:    Cheibriados [****..]
Gold:   117        SH:  0    Dex: 22    Spells: 3/10 levels left

rFire    + . .     SeeInvis .     - Unarmed
rCold    . . .     Gourm    +   G - +0 troll leather armour
rNeg     . . .     Faith    .   (no shield)
rPois    .         Spirit   .   (helmet restricted)
rElec    .         Reflect  .   (no cloak)
rCorr    .         Harm     .   (gloves unavailable)
MR       .....                  (boots unavailable)
Stlth    +++.......             (no amulet)
Regen    1.1/turn               y - ring of stealth
                                q - ring of protection from fire

@: slowed, very slow
A: unfitting armour, claws 3, fast metabolism 3, gourmand, regeneration 1,
shaggy fur 1, tough skin 2
a: Bend Time, Temporal Distortion, Slouch, Renounce Religion


You were on level 11 of the Dungeon.
You worshipped Cheibriados.
Cheibriados was greatly pleased with you.
You were full.

You visited 3 branches of the dungeon, and saw 13 of its levels.
You also visited: Sewer.

You collected 607 gold pieces.
You spent 490 gold pieces at shops.

Inventory:

Hand Weapons
 t - the +6 arbalest "Damnation" {damnation}
   (You found it in a sewer)
 C - a +0 morningstar of holy wrath
Missiles
 w - 97 bolts
 F - 2 throwing nets (quivered)
Armour
 G - a +0 troll leather armour (worn)
Jewellery
 q - a ring of protection from fire (left claw)
 y - a ring of stealth (right claw)
Wands
 d - a wand of disintegration (11/24)
 n - a wand of iceblast (4/15)
 z - a wand of clouds (1/9)
Scrolls
 a - 2 scrolls of immolation
 e - 3 scrolls of amnesia
 h - 6 scrolls of remove curse
 k - 4 scrolls of magic mapping
 m - 6 scrolls of enchant armour
 p - 4 scrolls of teleportation
 v - a scroll of fog
Potions
 g - a potion of agility
 j - 2 potions of flight
 l - a potion of resistance
 r - a potion of cure mutation
 s - a potion of lignification
 u - 2 potions of brilliance
 x - a potion of magic
 D - a potion of might
Comestibles
 b - 10 bread rations
 f - 6 meat rations
 i - 2 royal jellies


   Skills:
 - Level 2.4 Fighting
 + Level 3.1 Maces & Flails
 - Level 8.0 Dodging
 - Level 1.0 Stealth
 - Level 12.2 Unarmed Combat
 - Level 7.2 Invocations
 + Level 2.7 Evocations


You had 3 spell levels left.
You knew the following spells:

 Your Spells              Type           Power        Failure   Level  Hunger
a - Dazzling Spray        Conj/Hex       #.....       71%         3    ####...
b - Petrify               Tmut/Erth      #.......     99%         4    #####..


Dungeon Overview and Level Annotations

Branches:
Dungeon (11/15)            Temple (1/1) D:7            Lair (1/6) D:10
    Orc (0/2) D:9

Altars:
Ashenzari
Cheibriados
Dithmenos
Elyvilon
Fedhas
Gozag
Hepliaklqana
Kikubaaqudgha
Makhleb
Nemelex Xobeh
Okawaru
Qazlal
Ru
Sif Muna
Trog
Uskayaw
Vehumet
Xom
Yredelemnul
Zin
The Shining One

Shops:
D:4 =   D:8 (   D:9 :   D:11 [


Innate Abilities, Weirdness & Mutations

You are too large for most types of armour.
You have claws for hands.
Your metabolism is lightning-fast.
You like to eat raw meat.
Your natural rate of healing is unusually fast.
You are covered in fur. (AC +1)
You have very tough skin. (AC +2)


Message History

You feel better. The wraith barely misses you. The wraith closely misses you.
The wraith hits you.
* * * LOW HITPOINT WARNING * * *
The wraith drains your vigour!
You feel as though you will be slow longer.
The wraith hits you.
* * * LOW HITPOINT WARNING * * *
The wraith drains your vigour!
You feel as though you will be slow longer.
The wraith completely misses you.
As you read the scroll of fear, it crumbles to dust.
You assume a fearsome visage.
The wraith is unaffected. x4
The wraith closely misses you. The wraith hits you!
* * * LOW HITPOINT WARNING * * *
The wraith drains your vigour!
You feel as though you will be slow longer.
The wraith completely misses you. x2; The wraith hits you.
* * * LOW HITPOINT WARNING * * *
The wraith hits you!
You die...

...##..#..............
................#.#..#
.##(##..#......#.#.#..#
......................# #
......§§§...........#.# .#
......§§#§(.#.##.#.##.##.##
......§§§§.................
.......(§WWW#.##.#.........
........##@W#.##.#)##)##.#
....#.####..#.###.)))....#
.## #. #..#.# #..##.#### #
#.##.# #..##.# ## #.##.#
#..#### #. #.##.#
#..#######.
#.##.###..........
#.........#######.
#####.............


You could see 4 wraiths.

Vanquished Creatures
  Josephine (D:11)
  3 two-headed ogres
  An unseen horror (D:11)
  A deep elf mage (D:10)
  A cyclops (D:11)
  A gargoyle (D:10)
  2 trolls
  A wraith (D:10)
  Grum (D:8)
  A water moccasin (D:8)
  2 black bears (D:10)
  5 orc warriors
  An eye of draining (D:5)
  2 sky beasts (D:10)
  A necrophage (D:10)
  An ice beast (D:11)
  A phantom (D:6)
  6 ogres
  A centaur (D:10)
  2 wolves (D:8)
  A crocodile (D:9)
  3 big kobolds (Sewer)
  5 bullfrogs
  A wyvern skeleton (D:11)
  2 scorpions
  12 killer bees
  5 wights (D:11)
  3 howler monkeys
  2 centaur zombies
  2 bullfrog zombies
  8 hounds
  5 orc priests
  3 jellies
  A centaur skeleton (D:10)
  A bullfrog skeleton (D:9)
  3 iguanas
  11 orc wizards
  5 worker ants
  2 hound zombies
  A howler monkey zombie (D:7)
  A worker ant zombie (D:9)
  4 gnolls (D:6)
  13 adders
  2 river rats (D:5)
  A shadow imp (D:6)
  2 oozes
  2 adder zombies
  An adder skeleton (D:9)
  3 worms
  A dart slug (D:2)
  2 leopard geckos
  40 orcs
  4 ball pythons
  9 giant cockroaches
  4 goblins
  3 hobgoblins
  6 jackals
  4 quokkas
  4 bats
  8 frilled lizards
  19 kobolds
  2 leopard gecko skeletons
  2 quokka skeletons
  8 rats
256 creatures vanquished.

Notes
Turn   | Place    | Note
-------+----------+-------------------------------------------
     0 | D:1      | KristoblXynda the Troll Monk began the quest for the Orb.
     0 | D:1      | Reached XP level 1. HP: 22/22 MP: 0/0
   115 | D:1      | Reached XP level 2. HP: 28/29 MP: 1/1
   876 | D:2      | Reached XP level 3. HP: 36/36 MP: 2/2
   914 | D:2      | Reached skill level 4 in Unarmed Combat
  1120 | D:2      | Reached XP level 4. HP: 42/44 MP: 3/3
  2139 | D:4      | Reached XP level 5. HP: 44/50 MP: 4/4
  2143 | D:4      | Noticed an ogre
  2149 | D:4      | Killed an ogre
  2149 | D:4      | Reached skill level 5 in Unarmed Combat
  2150 | D:4      | Noticed an ogre
  2159 | D:4      | Killed an ogre
  2159 | D:4      | Reached XP level 6. HP: 38/59 MP: 5/5
  2593 | D:4      | Found Foebeda's Jewellery Emporium.
  2887 | D:5      | Entered Level 5 of the Dungeon
  2991 | D:5      | Reached skill level 6 in Unarmed Combat
  3042 | D:5      | Found a glowing drain.
  3055 | D:5      | Reached XP level 7. HP: 50/66 MP: 6/6
  3058 | Sewer    | Entered a sewer
  3142 | Sewer    | Reached skill level 5 in Dodging
  3511 | D:5      | Found a deep blue altar of Sif Muna.
  3661 | D:5      | Reached skill level 7 in Unarmed Combat
  3855 | D:5      | Reached XP level 8. HP: 74/74 MP: 0/7
  4364 | D:6      | Found a glowing silver altar of Zin.
  4629 | D:6      | Reached skill level 8 in Unarmed Combat
  4720 | D:6      | HP: 2/74 [orc warrior/trident of venom (17)]
  5071 | D:6      | Found a shimmering altar of Xom.
  5071 | D:6      | Found an ancient bone altar of Kikubaaqudgha.
  5341 | D:7      | Found a staircase to the Ecumenical Temple.
  5350 | Temple   | Entered the Ecumenical Temple
  5498 | Temple   | Became a worshipper of Cheibriados the Contemplative
  5498 | Temple   | Reached * piety under Cheibriados
  5498 | Temple   | Reached ** piety under Cheibriados
  5571 | D:7      | Reached skill level 9 in Unarmed Combat
  5571 | D:7      | Reached XP level 9. HP: 78/80 MP: 8/8
  5637 | D:7      | Learned a level 3 spell: Dazzling Spray
  5816 | D:7      | Found a blossoming altar of Fedhas.
  6273 | D:8      | Noticed Grum
  6278 | D:8      | Noticed a two-headed ogre
  6284 | D:8      | Killed Grum
  6284 | D:8      | Reached skill level 1 in Invocations
  6288 | D:8      | Killed a two-headed ogre
  6288 | D:8      | Reached skill level 10 in Unarmed Combat
  6304 | D:8      | Reached *** piety under Cheibriados
  6511 | D:8      | Found a burning altar of Makhleb.
  6513 | D:8      | Noticed an Executioner
  6518 | D:8      | Noticed a smoke demon
  6630 | D:8      | Found Durob's Antique Weapon Emporium.
  6635 | D:8      | Reached XP level 10. HP: 88/88 MP: 11/11
  6641 | D:8      | Found a hazy altar of Hepliaklqana.
  7027 | D:9      | Noticed a two-headed ogre
  7034 | D:9      | Killed a two-headed ogre
  7034 | D:9      | Reached skill level 11 in Unarmed Combat
  7065 | D:9      | Found a staircase to the Orcish Mines.
  7088 | D:9      | Reached skill level 5 in Invocations
  7194 | D:9      | Found Berefad's Book Boutique.
  7294 | D:9      | Noticed a two-headed ogre
  7306 | D:9      | Killed a two-headed ogre
  7529 | D:9      | Bought a book of Geomancy for 490 gold pieces
  7603 | D:9      | Reached **** piety under Cheibriados
  7768 | D:10     | Entered Level 10 of the Dungeon
  7777 | D:10     | Found a staircase to the Lair.
  7900 | D:10     | Noticed a deep elf mage
  7907 | D:10     | Learned a level 4 spell: Petrify
  7917 | D:10     | Killed a deep elf mage
  7949 | D:10     | Reached skill level 12 in Unarmed Combat
  8102 | D:10     | Noticed a gargoyle
  8111 | D:10     | Killed a gargoyle
  8111 | D:10     | Reached XP level 11. HP: 38/94 MP: 15/15
  8905 | Lair:1   | Entered Level 1 of the Lair of Beasts
  8954 | D:11     | Noticed a white ugly thing
  8966 | D:11     | HP: 1/94 [white ugly thing (31)]
  9023 | D:11     | Reached skill level 1 in Evocations
  9059 | D:11     | Reached skill level 1 in Maces & Flails
  9077 | D:11     | Found Janauroj's Antique Armour Emporium.
  9181 | D:11     | Killed an unseen horror
  9217 | D:11     | Noticed Josephine
  9228 | D:11     | Killed Josephine
  9231 | D:11     | HP: 4/94 [wraith[Josephine] (5)]
  9231 | D:11     | Mangled by a wraith

Vault maps used:
D:1:      dpeg_arrival_leaves_temple_mockup, minmay_misc_feat_room
D:3:      supply_closet_lemuel
D:4:      serial_shops, shop_statue
D:5:      first_bread, portal_sewer_entry_e, lemuel_blue_sif_altar
D:6:      kennysheep_mini_moat, gammafunk_temple_overflow_elements
D:7:      minmay_temple_entry_enclosed_plants, grunt_ogre_cave, fedhas_altar_4
D:8:      makhleb_altar_promises_db, lemuel_round_altar, serial_shops,
          nicolae_shop_waterfront, uniq_grum
D:9:      orc_0_dummy, amethyst_killhole, kennysheep_windowed_goal
D:10:     lair_entry_dummy
D:11:     minmay_tearing_corner, serial_shops, kennysheep_mini, uniq_josephine
Temple:   eino_temple_scatter_basement
Lair:1:   dpeg_oklob_gauntlet
Sewer:    kennysheep_pipe_town

Skill      XL: |  1  2  3  4  5  6  7  8  9 10 11 |
---------------+----------------------------------+-----
Dodging        | 3 4 5 7 8 |  8.0
Unarmed Combat | 4 5 6 7 9 10 12 | 12.2
Invocations    | 3 7 |  7.2
Evocations     | 2 |  2.7
Maces & Flails | 3 |  3.1
Fighting       | |  2.4
Stealth        | |  1.0

Action                   |  1- 3 |  4- 6 |  7- 9 | 10-12 || total
-------------------------+-------+-------+-------+-------++-------
Melee: Unarmed           |    71 |   124 |   378 |   174 ||   747
       Punch             |     1 |     5 |    12 |    16 ||    34
Evoke: Wand              |       |       |     1 |     2 ||     3
  Use: Scroll            |       |    13 |     5 |    10 ||    28
       Potion            |       |     1 |     6 |     5 ||    12
 Stab: Sleeping          |     2 |       |    10 |     7 ||    19
       Confused          |       |       |     2 |     2 ||     4
  Eat: Chunk             |    15 |    18 |    26 |    17 ||    76
Armor: Robe              |    21 |    20 |    77 |     3 ||   121
       Troll leather arm |       |       |       |    50 ||    50
Dodge: Dodged            |    36 |    56 |   232 |   181 ||   505
